 Dungeon Crawl Stone Soup version 0.29.1-12-g30fa7ad0bf (webtiles) character file.

Game seed: 16599331309913018787

7651 wormed the Grappler (level 10, -9/98 HPs)
             Began as a Troll Gladiator on Dec 23, 2022.
             Was an Initiate of Ru.
             Mangled by an elephant (13 damage)
             ... on level 1 of the Lair of Beasts.
             The game lasted 00:16:30 (7827 turns).

wormed the Grappler (Troll Gladiator)               Turns: 7827, Time: 00:16:31

Health: -9/98      AC:  6    Str: 28    XL:     10   Next: 99%
Magic:  9/9        EV: 11    Int:  4    God:    Ru [......]
Gold:   551        SH:  0    Dex: 11    Spells: 9/9 levels left

rFire   + . .      SeeInvis +     - Unarmed
rCold   . . .      Faith    .   (no shield)
rNeg    . . .      Spirit   .   r - +1 robe {rF+}
rPois   .          Reflect  .   b - +0 hat
rElec   .          Harm     .   F - +0 cloak
rCorr   .          Rampage  .   (gloves unavailable)
Will    +....                   (boots unavailable)
Stlth   +.........              A - amulet of regeneration
HPRegen 1.86/turn               x - ring of see invisible
MPRegen 0.11/turn               J - ring of willpower

@: hasted, very quick
A: large, unfitting armour, claws 3, regeneration 1, shaggy fur 1, tough skin 1
a: Renounce Religion


You were on level 1 of the Lair of Beasts.
You worshipped Ru.
Ru was noncommittal.
You visited 3 branches of the dungeon, and saw 11 of its levels.

You collected 551 gold pieces.

Inventory:

Missiles
 c - 2 throwing nets (quivered)
Armour
 b - a +0 hat (worn)
 o - an orb of mayhem
 r - a +1 robe of fire resistance (worn)
 F - a +0 cloak (worn)
Jewellery
 x - a ring of see invisible (left claw)
 y - a ring of protection from cold
 A - an amulet of regeneration (around neck)
 J - a ring of willpower (right claw)
Wands
 d - a wand of flame (30)
 H - a wand of iceblast (9)
 L - a wand of polymorph (9)
Scrolls
 a - 3 scrolls of silence
 e - 2 scrolls of acquirement {unknown}
 h - 3 scrolls of enchant armour
 j - 5 scrolls of poison
 l - a scroll of immolation
 m - a scroll of fog
 p - 10 scrolls of teleportation
 t - a scroll of noise
 M - a scroll of vulnerability {unknown}
Potions
 f - a potion of might
 g - 2 potions of flight
 i - a potion of attraction
 k - 3 potions of curing
 n - 4 potions of lignification
 q - a potion of haste
 u - 5 potions of degeneration
 w - a potion of ambrosia {unknown}
 z - a potion of magic {unknown}
 B - 2 potions of berserk rage
 C - a potion of heal wounds {unknown}
 D - a potion of brilliance {unknown}
 E - a potion of mutation {unknown}
 G - a potion of invisibility {unknown}


   Skills:
 + Level 5.9 Fighting
 + Level 6.6 Throwing
 + Level 5.5 Armour
 + Level 6.3 Dodging
 * Level 10.4 Unarmed Combat


You had 9 spell levels left.
You didn't know any spells.
Your spell library contained the following spells:

 Spells                   Type           Power      Damage    Failure   Level
 Sandblast                Erth           0%         2d4       50%         1
 Passwall                 Tmut/Erth      0%         N/A       65%         2
 Gell's Gravitas          Tloc           0%         N/A       86%         3
 Stone Arrow              Conj/Erth      0%         3d7       86%         3
 Hailstorm                Conj/Ice       0%         3d3       99%         4
 Ice Form                 Ice/Tmut       0%         N/A       99%         4
 Passage of Golubria      Tloc           0%         N/A       99%         4
 Freezing Cloud           Conj/Ice/Air   0%         6-21      100%        5
 Summon Forest            Summ/Tloc      0%         N/A       100%        5
 Simulacrum               Ice/Necr       0%         N/A       100%        6
 Polar Vortex             Ice            0%         N/A       100%        9


Dungeon Overview and Level Annotations

Branches:
Dungeon (9/15)             Temple (1/1) D:6            Lair (1/5) D:9
    Orc: D:9-12

Altars:
Ashenzari
Cheibriados
Fedhas
Gozag
Makhleb
Nemelex Xobeh
Okawaru
Qazlal
Ru
Trog
Uskayaw
Vehumet
Wu Jian

Shops:
D:1 :   D:4 (   D:9 ?


Innate Abilities, Weirdness & Mutations

You are too large for most types of armour.
You have claws for hands.
Your natural rate of healing is unusually fast.
You are covered in fur. (AC +1)
You have tough skin. (AC +1)


Message History

The yak is lightly wounded.
The yak gores you!
The wolf howls!
You scratch the yak.
The yak is lightly wounded.
A wolf comes into view.
The yak gores you. The yak gores you!
The wolf howls!
You scratch the wolf.
The wolf is lightly wounded.
The wolf closely misses you. The yak gores you. The yak barely misses you.
You claw the wolf! Your claw misses the wolf.
The wolf is heavily wounded.
The wolf barely misses you. The wolf closely misses you.
You barely miss the wolf.
The wolf is heavily wounded.
The yak barely misses you. The yak completely misses you. The wolf bites you.
You completely miss the wolf.
The wolf is heavily wounded.
The wolf pauses to sniff the ground.
The wolf bites you. x2; The yak gores you.
The yak gores you but does no damage.
You claw the wolf!
You kill the wolf!
The wolf bites you. The yak gores you but does no damage. The wolf bites you.
The wolf bites you! The elephant closely misses you.
The elephant trunk-slaps you. The yak barely misses you.
You mangle the wolf!!
You kill the wolf!
The wolf bites you. The yak gores you!
* * * LOW HITPOINT WARNING * * *
The elephant barely misses you. The elephant trunk-slaps you.
* * * LOW HITPOINT WARNING * * *
The yak gores you!
* * * LOW HITPOINT WARNING * * *
You feel yourself speed up. The wolf bites you!
* * * LOW HITPOINT WARNING * * *
The wolf bites you but does no damage. The yak gores you.
* * * LOW HITPOINT WARNING * * *
The elephant tramples you!
You die...

#..........#####..#......##
###....#(### ##.'....<.P#
##P###.Y# ##P......## ##
##Y# #####'### #.. ##.# #
#(## #[.# ###.##(######
##(## #......Y#h..#
###..### #.YY@†..###......#
#..Y###..)'......# #...#
#####......# #...#
#......... #.### #......###
#. #.##.### #. ###..# #. ##


You could see 2 elephants, 2 yaks and a wolf.

Vanquished Creatures
  A boulder beetle (D:9)
  A wizard (D:7)
  An elephant (Lair:1)
  A black mamba (Lair:1)
  3 komodo dragons
  A hornet (D:8)
  Sigmund (D:2)
  3 yaks
  2 wyverns (D:8)
  2 steam dragons (D:8)
  A water moccasin (D:8)
  A sky beast (D:8)
  2 ice beasts
  3 orc warriors (D:8)
  A black bear (D:6)
  An ogre (D:4)
  4 centaurs
  2 wolves (Lair:1)
  A phantom (D:7)
  2 kobold brigands
  4 bullfrogs
  2 necrophages
  4 scorpions
  10 wights
  5 killer bees (D:8)
  A howler monkey (D:5)
  4 hounds
  6 jellies
  6 orc priests
  5 iguanas
  5 orc wizards (D:8)
  4 gnolls (D:6)
  9 adders
  3 shadow imps
  A white imp (D:5)
  2 ufetubi
  2 worms
  4 dart slugs (D:2)
  24 orcs
  5 bats
  7 endoplasms
  2 giant cockroaches (D:3)
  9 goblins
  9 hobgoblins
  2 jackals (D:2)
  A quokka (D:4)
  4 ball pythons
  7 frilled lizards
  18 kobolds
  7 rats
206 creatures vanquished.

Vanquished Creatures (others)
  A fungus (Lair:1)
  14 plants
15 creatures vanquished.

Grand Total: 221 creatures vanquished

Notes
Turn   | Place    | Note
-------+----------+-------------------------------------------
     0 | D:1      | wormed the Troll Gladiator began the quest for the Orb.
     0 | D:1      | Reached XP level 1. HP: 19/19 MP: 0/0
   141 | D:1      | Found Ydel's Book Shop.
   224 | D:1      | Reached XP level 2. HP: 28/28 MP: 1/1
   310 | D:1      | Found a faded altar of an unknown god.
   922 | D:2      | Reached XP level 3. HP: 35/35 MP: 2/2
  1417 | D:2      | Reached XP level 4. HP: 42/42 MP: 3/3
  1453 | D:2      | Noticed Sigmund
  1464 | D:2      | Killed Sigmund
  1465 | D:2      | Reached skill level 1 in Armour
  1465 | D:2      | Reached skill level 4 in Unarmed Combat
  1465 | D:2      | Reached XP level 5. HP: 23/50 MP: 4/4
  1579 | D:3      | Got Sif Muna's Essays on the Excursion
  1883 | D:3      | Found an ornate altar of the Wu Jian Council.
  1888 | D:3      | Found an opulent altar of Gozag.
  2009 | D:4      | Reached XP level 6. HP: 59/59 MP: 5/5
  2059 | D:4      | Found Agiyn's Antique Weapon Shop.
  2670 | D:5      | Entered Level 5 of the Dungeon
  2680 | D:4      | Reached skill level 5 in Unarmed Combat
  2722 | D:5      | Reached XP level 7. HP: 59/66 MP: 6/6
  2888 | D:5      | Identified the +4 rapier "Killer Klown's Foe" {venom,
                  | Str+2}
  3123 | D:5      | Reached skill level 6 in Unarmed Combat
  3308 | D:6      | Reached XP level 8. HP: 56/75 MP: 7/7
  3323 | D:6      | Found a staircase to the Ecumenical Temple.
  3351 | Temple   | Entered the Ecumenical Temple
  3362 | Temple   | Became a worshipper of Ru the Awakened
  4178 | D:6      | Reached skill level 7 in Unarmed Combat
  4916 | D:7      | Found a flagged portal.
  4973 | D:7      | Reached XP level 9. HP: 80/82 MP: 8/8
  4998 | D:7      | Found a bloodstained altar of Trog.
  5097 | D:7      | Noticed a wizard
  5103 | D:7      | Killed a wizard
  5104 | D:7      | Reached skill level 5 in Throwing
  5104 | D:7      | Reached skill level 8 in Unarmed Combat
  5106 | D:7      | Identified the +0 cloak of the Jocular God {rElec Int+4
                  | Dex-4}
  5133 | D:7      | Reached skill level 5 in Dodging
  5705 | D:8      | Found a radiant altar of Vehumet.
  5998 | D:8      | Reached skill level 5 in Fighting
  6078 | D:8      | Reached skill level 9 in Unarmed Combat
  6099 | D:8      | Reached XP level 10. HP: 63/96 MP: 9/9
  6725 | D:9      | Paralysed by a hornet for 1 turns
  6739 | D:8      | Paralysed by a hornet for 1 turns
  6965 | D:9      | Found Golywk's Magic Scroll Shoppe.
  7110 | D:9      | Found a staircase to the Lair.
  7412 | D:9      | Found a snail-covered altar of Cheibriados.
  7458 | Lair:1   | Entered Level 1 of the Lair of Beasts
  7476 | Lair:1   | Found a stormy altar of Qazlal.
  7491 | Lair:1   | Noticed a boulder beetle
  7505 | Lair:1   | Reached skill level 5 in Armour
  7650 | D:9      | Killed a boulder beetle
  7651 | D:9      | Reached skill level 10 in Unarmed Combat
  7725 | Lair:1   | Noticed a black mamba
  7733 | Lair:1   | Killed a black mamba
  7793 | Lair:1   | Identified the +9 dagger of Fragile Peace {spect, Contam
                  | *Noise rCorr SInv}
  7800 | Lair:1   | Noticed an elephant
  7806 | Lair:1   | Killed an elephant
  7814 | Lair:1   | Noticed an elephant
  7815 | Lair:1   | Noticed an elephant
  7827 | Lair:1   | HP: 4/98 [yak (2)]
  7827 | Lair:1   | Mangled by an elephant

Illustrated notes

Levels and vault maps discovered:
D:1:      arrival_zaba_pyramid, layout_loops_ring, serial_shops,
          nicolae_shop_hallway_stairs, dilly_ecumenical_altar_fadedgnrine
D:2:      layout_basic, minmay_misc_feat_diagonals, uniq_sigmund
D:3:      layout_rooms, mainiacjoe_overflow_big_doors
D:4:      layout_basic, serial_shops, nicolae_shop_waterfront
D:5:      layout_cave_pools
D:6:      minmay_general_purpose_star, layout_layer_cave,
          minmay_temple_entry_arrows
D:7:      cheibrodos_wizards_tower, layout_basic,
          mainiacjoe_overflow_surrounded_room, enter_bailey_4
D:8:      layout_basic, mainiacjoe_overflow_concentric_impassable,
          kennysheep_generic_room_5
D:9:      layout_long_grid, slow_altar_2, david_lair_shrubbed, serial_shops,
          kennysheep_mini
Temple:   nicolae_temple_bog_church
Lair:1:   layout_roguey, basic_altar, nzn_sisyphean_effort, grunt_megastairs_5

Skill      XL: |  1  2  3  4  5  6  7  8  9 10 |
---------------+-------------------------------+-----
Throwing       | 2 3 4 5 6 |  6.6
Fighting       | 2 3 4 5 |  5.9
Armour         | 1 2 3 4 5 |  5.5
Dodging        | 3 4 5 6 |  6.3
Unarmed Combat | 4 5 6 7 9 10 | 10.4

Action                   |  1- 3 |  4- 6 |  7- 9 | 10-12 || total
-------------------------+-------+-------+-------+-------++-------
Melee: Unarmed           |    89 |    87 |   301 |   135 ||   612
       Punch             |     2 |     2 |    10 |     7 ||    21
Throw: Large rock        |       |     1 |       |     1 ||     2
       Javelin           |       |       |       |    12 ||    12
       Throwing net      |       |       |       |     1 ||     1
Invok: Reject Sacrifices |       |       |     1 |       ||     1
  Use: Scroll            |       |       |    15 |     6 ||    21
       Potion            |       |       |       |     4 ||     4
 Stab: Sleeping          |     6 |     1 |       |       ||     7
Armor: Robe              |    24 |    32 |    79 |    42 ||   177
Dodge: Dodged            |    33 |    56 |   157 |    84 ||   330
